 Dungeon Crawl Stone Soup version 0.24-a0-630-g0d56a851f4 (webtiles) character file.

Game seed: 1755918078299987549, levelgen mode: deterministic

49 Gebura the Firebug (level 3, -4/21 HPs)
             Began as an Octopode Fire Elementalist on Sept 20, 2019.
             Slain by a hound (5 damage)
             ... on level 3 of the Dungeon.
             The game lasted 00:09:09 (2003 turns).

Gebura the Firebug (Octopode Fire Elementalist)     Turns: 2003, Time: 00:09:10

Health: -4/21      AC:  1    Str:  7    XL:     3   Next: 75%
Magic:  2/7        EV: 13    Int: 18    God:
Gold:   98         SH:  0    Dex: 12    Spells: 6/7 levels left

rFire    . . .     SeeInvis .   i - +3 dagger
rCold    . . .     Gourm    .   (no shield)
rNeg     . . .     Faith    .   (helmet restricted)
rPois    .         Spirit   .   (no amulet)
rElec    .         Reflect  .   (no ring)
rCorr    .         Harm     .   (no ring)
MR       .....                  (no ring)
Stlth    +++.......             (no ring)
HPRegen  0.07/turn              (no ring)
MPRegen  0.10/turn              (no ring)
                                (no ring)
                                (no ring)

@: very slightly contaminated
A: almost no armour, stealthy swim, amphibious, 8 rings, constrict 8, camouflage
1, gelatinous body 1
a: no special abilities


You were on level 3 of the Dungeon.
You were not hungry.

You visited 1 branch of the dungeon, and saw 4 of its levels.

You collected 98 gold pieces.

Inventory:

Hand Weapons
 c - a +0 dagger
 i - a +3 dagger (weapon)
Scrolls
 a - a scroll of fear {unknown}
 d - a scroll of blinking {unknown}
 e - a scroll of identify {unknown}
 h - 2 scrolls of enchant weapon {unknown}
 j - a scroll of magic mapping {unknown}
 l - a scroll of remove curse {unknown}
Potions
 f - a potion of agility {unknown}
 g - a potion of curing
 k - a potion of brilliance {unknown}
 n - a potion of flight {unknown}
Comestibles
 b - 3 rations


   Skills:
 + Level 2.5 Dodging
 - Level 2.6 Stealth
 * Level 2.7 Spellcasting
 + Level 1.6 Conjurations
 + Level 3.3 Fire Magic


You had 6 spell levels left.
You knew the following spells:

 Your Spells              Type           Power        Failure   Level  Hunger
a - Flame Tongue          Conj/Fire      ##...        6%          1    None

Your spell library contained the following spells:

 Spells                   Type           Power        Failure   Level  Hunger
 Throw Flame              Conj/Fire      ##....       9%          2    ##.....
 Conjure Flame            Conj/Fire      ##......     19%         3    ###....
 Inner Flame              Hex/Fire       #.......     26%         3    ###....
 Sticky Flame             Conj/Fire      ##......     52%         4    ####...
 Fireball                 Conj/Fire      ##........   86%         5    ######.


Dungeon Overview and Level Annotations

Branches:
Dungeon (4/15)
 Temple: D:4-7

Altars:
Trog

Annotations:
D:3 exclusion: downstairs
D:4 exclusion: scorpion


Innate Abilities, Weirdness & Mutations

You cannot wear most types of armour.
You are very stealthy in the water. (Stealth+)
You are amphibious.
You can wear up to eight rings at the same time.
You can use your tentacles to constrict eight enemies at once.
Your skin changes colour to match your surroundings (Stealth+).
Your rubbery body absorbs attacks. (AC +1, EV +1)


Message History

It was a potion of curing.
You feel better. The hound bites you.
You hit the hound. Your grab misses the hound.
The hound is heavily wounded.
The hound barely misses you. The hound bites you.
You hit the hound. Your grab misses the hound.
The hound is heavily wounded.
The hound misses you.
You hit the hound. Your grab misses the hound.
The hound is almost dead.
The hound bites you.
* * * LOW HITPOINT WARNING * * *
The hound bites you.
* * * LOW HITPOINT WARNING * * *
Casting: Flame Tongue (safe; 6% risk of failure)
Confirm with . or Enter, or press ? or * to list all spells.
Aiming: Flame Tongue (safe; 6% risk of failure)
Press: ? - help, Shift-Dir - straight line, f/p - hound
Aim: a hound (almost dead)
The flame tongue misses the hound.
The hound bites you.
You die...

#..........#
#.#
#..........#
#.#
#..........#
#.#
#..........#
#.#
#######..#.#
#.# #..#.#
#.#
######..#)#
#.#
#......>#h#
#.#
#.#######@#
#.# #.# #.#
#.# #.# #.#
#.# #.# #.#
#.# #.# #.#
#.# #.# #.#
#.# #.#


You could see a hound.

Vanquished Creatures
  An adder (D:2)
  An ooze (D:2)
  2 dart slugs
  An orc (D:4)
  2 giant cockroaches (D:1)
  3 hobgoblins
  3 jackals
  A quokka (D:3)
  3 bats
  3 frilled lizards
  5 goblins
  3 kobolds
  4 rats
32 creatures vanquished.

Notes
Turn   | Place    | Note
-------+----------+-------------------------------------------
     0 | D:1      | Gebura the Octopode Fire Elementalist began the quest for
                  | the Orb.
     0 | D:1      | Reached XP level 1. HP: 11/11 MP: 3/3
   246 | D:1      | Reached XP level 2. HP: 17/17 MP: 5/5
   974 | D:2      | Reached XP level 3. HP: 21/21 MP: 6/6
  1925 | D:4      | Found a bloodstained altar of Trog.
  1925 | D:4      | Noticed a scorpion
  2002 | D:3      | HP: 1/21 [hound (4)]
  2003 | D:3      | Slain by a hound

Levels and vault maps discovered:
D:1:      dpeg_arrival_refuge, layout_basic, serial_bayou_pond_e,
          minmay_ruptured
D:2:      layout_loops_cross, first_ration
D:3:      layout_basic, marbit_many_paths, fedhas_altar_2
D:4:      layout_loops_ring, lemuel_coloured_pillars_altar,
          nicolae_overflow_hidden_temple, nicolae_dithmenos_shadow_blocks

Action                   || total
-------------------------++-------
Melee: Unarmed           ||     9
       Dagger            ||    28
       Tentacles         ||     7
       Constrict         ||     7
 Cast: Flame Tongue      ||    27
  Use: Potion            ||     1
 Stab: Sleeping          ||    12
  Eat: Chunk             ||     3
Armor: Skin              ||     2
Dodge: Dodged            ||    40

Table legend:
 A = Non-vault XP
 B = Vault XP
 C = Vault XP percentage of total XP
 D = Non-vault monster count
 E = Vault monster count
 F = Vault count percentage of total count
                 A         B        C        D         E       F
            +---------+---------+-------+---------+---------+-------
      Total |      67 |       3 |   4.3 |      30 |       2 |   6.2
            +---------+---------+-------+---------+---------+-------
        D:1 |      21 |       3 |  12.5 |      14 |       2 |  12.5
        D:2 |      34 |       0 |   0.0 |      10 |       0 |   0.0
        D:3 |       5 |       0 |   0.0 |       3 |       0 |   0.0
        D:4 |       7 |       0 |   0.0 |       3 |       0 |   0.0
            +---------+---------+-------+---------+---------+-------
